 Dungeon Crawl Stone Soup version 0.29-a0-356-g7bc237e783 (webtiles) character file.

Game seed: 5379953250219821382

522 Hubjo the Magician (level 7, 0/41 HPs)
             Began as a Deep Elf Fire Elementalist on Apr 25, 2022.
             Was a Believer of the Shining One.
             Slain by an ogre
             ... wielding a +0 giant club
              (30 damage)
             ... on level 4 of the Dungeon.
             The game lasted 00:10:21 (6266 turns).

Hubjo the Magician (Deep Elf Fire Elementalist)     Turns: 6266, Time: 00:10:21

Health: 0/41       AC:  7    Str:  3 (5)  XL:     7   Next: 2%
Magic:  10/16      EV: 12    Int: 18 (20) God:    the Shining One [**....]
Gold:   115        SH:  0    Dex: 16 (17) Spells: 11/16 levels left

rFire   . . .      SeeInvis .   i - +0 dagger
rCold   . . .      Faith    .   (no shield)
rNeg    + . .      Spirit   .   a - +1 robe
rPois   .          Reflect  .   (no helmet)
rElec   .          Harm     .   (no cloak)
rCorr   .          Rampage  .   (no gloves)
Will    .....                   (no boots)
Stlth   +.........              (no amulet)
HPRegen 0.13/turn               g - +4 ring of protection
MPRegen 0.15/turn               (no ring)

@: glowing
A: no striking features
a: Renounce Religion, Divine Shield


You were on level 4 of the Dungeon.
You worshipped the Shining One.
The Shining One was pleased with you.
You visited 1 branch of the dungeon, and saw 5 of its levels.

You collected 115 gold pieces.

Inventory:

Hand Weapons
 h - a +0 vorpal hand axe
 i - a +0 dagger (weapon)
Armour
 a - a +1 robe (worn)
Jewellery
 g - a +4 ring of protection (left hand)
Scrolls
 c - a scroll of immolation {unknown}
 e - a scroll of blinking {unknown}
 j - a scroll of noise
 m - a scroll of enchant weapon {unknown}
 o - a scroll of torment {unknown}
 p - a scroll of identify {unknown}
 q - a scroll of enchant armour
Potions
 b - 2 potions of magic
 d - a potion of experience {unknown}
 f - a potion of degeneration
 k - 2 potions of invisibility


   Skills:
 + Level 3.4 Fighting
 - Level 2.4 Dodging
 + Level 4.8 Stealth
 + Level 5.2 Spellcasting
 - Level 1.1 Conjurations
 * Level 5.2 Fire Magic


You had 11 spell levels left.
You knew the following spells:

 Your Spells              Type           Power      Damage    Failure   Level
a - Foxfire               Conj/Fire      64%        2x1d7     3%          1
b - Flame Wave            Conj/Fire      16%        2d6       34%         4

Your spell library contained the following spells:

 Spells                   Type           Power      Damage    Failure   Level
 Scorch                   Fire           46%        2d7       2%          2
 Conjure Flame            Conj/Fire      16%        6-21      11%         3
 Freeze                   Ice            16%        1d4       13%         1
 Summon Small Mammal      Summ           16%        N/A       13%         1
 Inner Flame              Hex/Fire       14%        N/A       13%         3
 Ensorcelled Hibernation  Hex/Ice        8%         N/A       21%         2
 Passwall                 Tmut/Erth      3%         N/A       21%         2
 Call Canine Familiar     Summ           4%         N/A       36%         3
 Frozen Ramparts          Ice            8%         1d2       36%         3
 Summon Guardian Golem    Hex/Summ       4%         N/A       36%         3
 Swiftness                Air            4%         N/A       36%         3
 Hailstorm                Conj/Ice       6%         3d4       71%         4


Dungeon Overview and Level Annotations

Branches:
Dungeon (5/15)             Temple (0/1) D:5

Altars:
Xom
Zin
The Shining One
Beogh


Message History

You are no longer poisoned.
You start resting.
Magic restored.
You start resting.
HP restored.
You climb downwards.
The orc completely misses you. The ogre hits you with a +0 giant club!
There is a stone staircase leading up here.
The quokka barely misses you. The orc hits you but does no damage.
The ogre closely misses you.
You climb upwards.
There is a stone staircase leading down here.
Casting: Foxfire (safe; 3% risk of failure)
Confirm with . or Enter, or press ? or * to list all spells.
The spell is extremely dangerous to miscast (34% risk of failure)!
Continue anyway?
Casting: Flame Wave (extremely dangerous; 34% risk of failure)
Press: ? - help, Dir - look around, f - activate A wave of flame ripples out!
The flame wave engulfs the quokka.
The quokka is severely wounded.
The flame wave engulfs the orc.
The orc is heavily wounded.
The flame wave engulfs the ogre.
The ogre is lightly wounded. (Press . to intensify the flame waves.)
The quokka barely misses you. The orc hits you with a +0 club.
The quokka bites you but does no damage.
A wave of flame ripples out!
The flame wave engulfs the quokka.
You kill the quokka!
The flame wave engulfs the orc.
You kill the orc!
The flame wave engulfs the ogre!
The ogre is heavily wounded.
The ogre closely misses you.
You feel your dexterity returning.
A wave of flame ripples out!
The flame wave engulfs the ogre!
The ogre is almost dead.
You finish channelling waves of flame.
The ogre hits you with a +0 giant club!!
Ouch! That really hurt!
You die...

.# ##.###.#.......#####..# ##
#..##.#.......#...#..#
###.##.#......_#...#_..
#......#.####..#...#...
#.#..#.#.......#####...
#....#.#....#..........
####...#..###........#.
######...#....#.......##.
#.......@...#.........##.
#####.......)O............##.
#.....)......#..#..#......##.
#.....)......#..#..#########.
#.....######.#..#..# #.
#.....# #.#..#..# #. #.....#
#.####..# #. #....[#
#.....^.# #. #.....#
#######<# #.


You could see an ogre.

Vanquished Creatures
  A sky beast (D:3)
  A scorpion (D:4)
  A hound (D:4)
  A jelly (D:4)
  4 orc priests (D:4)
  An iguana (D:4)
  An orc wizard (D:3)
  Terence (D:3)
  2 adders
  A worm (D:2)
  2 dart slugs
  16 orcs
  7 ball pythons
  7 endoplasms
  4 giant cockroaches
  8 goblins
  7 hobgoblins
  5 quokkas
  5 bats
  3 frilled lizards
  6 kobolds
  4 rats
88 creatures vanquished.

Vanquished Creatures (others)
  An angel (D:4)
  390 foxfires
391 creatures vanquished.

Grand Total: 479 creatures vanquished

Notes
Turn   | Place    | Note
-------+----------+-------------------------------------------
     0 | D:1      | Hubjo the Deep Elf Fire Elementalist began the quest for
                  | the Orb.
     0 | D:1      | Reached XP level 1. HP: 10/10 MP: 6/6
   469 | D:1      | Found a faded altar of an unknown god.
   486 | D:1      | Prayed at the altar of an unknown god.
   486 | D:1      | Became a worshipper of the Shining One
   486 | D:1      | Reached * piety under the Shining One
   575 | D:1      | Reached XP level 2. HP: 16/16 MP: 5/8
   764 | D:1      | Reached skill level 1 in Fighting
  1336 | D:1      | Reached XP level 3. HP: 20/20 MP: 5/9
  2909 | D:3      | Reached XP level 4. HP: 11/26 MP: 11/11
  3631 | D:3      | You fall into a shaft and drop 1 floor!
  3942 | D:4      | Reached XP level 5. HP: 19/30 MP: 7/13
  4053 | D:4      | Found a glowing silver altar of Zin.
  4057 | D:4      | Noticed an angel
  4059 | D:4      | Found a shimmering altar of Xom.
  4470 | D:4      | Reached XP level 6. HP: 27/36 MP: 14/14
  4617 | D:3      | Noticed Terence
  4643 | D:3      | Killed Terence
  5231 | D:3      | Reached ** piety under the Shining One
  5500 | D:4      | Learned a level 4 spell: Flame Wave
  5514 | D:4      | Noticed a sky beast
  5541 | D:3      | Killed a sky beast
  5542 | D:3      | Reached skill level 5 in Spellcasting
  5921 | D:4      | Reached skill level 5 in Fire Magic
  6174 | D:5      | Entered Level 5 of the Dungeon
  6174 | D:5      | Found a staircase to the Ecumenical Temple.
  6184 | D:4      | Reached XP level 7. HP: 35/41 MP: 9/16
  6202 | D:4      | Killed an angel
  6266 | D:4      | Slain by an ogre

Illustrated notes

Levels and vault maps discovered:
D:1:      shiori_arrival_elements, layout_basic, ebering_ecumenical_altar_mist,
          st_stairs_1
D:2:      layout_basic, kennysheep_generic_room_14
D:3:      layout_loops_ring, uniq_terence
D:4:      layout_basic, grunt_temple_overflow_order_and_chaos_1,
          kennysheep_orc_chapel
D:5:      cheibrodos_quashed, layout_loops_cross, lemuel_doored_altar,
          minmay_temple_entry_stoned_glass, hex_medium, minmay_manual_monolith,
          uniq_pikel

Skill      XL: |  1  2  3  4  5  6 |
---------------+-------------------+-----
Fighting       | 1 2 3 |  3.4
Stealth        | 3 4 |  4.8
Fire Magic     | 4 5 |  5.2
Spellcasting   | 4 5 |  5.2
Dodging        | |  2.4
Conjurations   | |  1.1

Action                   |  1- 3 |  4- 6 |  7- 9 || total
-------------------------+-------+-------+-------++-------
Melee: Unarmed           |    88 |       |       ||    88
       Dagger            |    15 |   146 |       ||   161
       Punch             |     1 |     1 |       ||     2
 Cast: Foxfire           |   115 |   118 |       ||   233
       Flame Wave        |       |       |     1 ||     1
Invok: Divine Shield     |       |     1 |       ||     1
  Use: Potion            |       |     7 |       ||     7
       Scroll            |       |     2 |       ||     2
Armor: Robe              |    42 |    47 |     2 ||    91
Dodge: Dodged            |    72 |   113 |     5 ||   190
Block: Other             |       |     1 |       ||     1

Table legend: (Time is in decaauts)
 A = Elapsed time spent in this place.
 B = Non-inter-level travel time spent in this place.
 C = Inter-level travel time spent in this place.
 D = Time resting spent in this place.
 E = Time spent auto-exploring this place.
 F = Levels seen in this place.
 G = Mean time per level.
                   A        B        C        D        E       F      G
               +--------+--------+--------+--------+--------+-----+--------+
         Total |   6268 |   6193 |     75 |    125 |   5190 |   5 | 1253.6 |
       Dungeon |   6268 |   6193 |     75 |    125 |   5190 |   5 | 1253.6 |
               +--------+--------+--------+--------+--------+-----+--------+

Top non-repeatable levels by time:
     D:1: 1745 daAuts
     D:3: 1719 daAuts
     D:4: 1642 daAuts
     D:2: 1154 daAuts
     D:5: 7 daAuts
